 Dungeon Crawl Stone Soup version 0.31.0-11-ge490571c62 (webtiles) character file.

Game seed: 13544604315190239101

13555 bearlyready the Grappler (level 11, -3/109 HPs)
             Began as a Troll Shapeshifter on Feb 10, 2024.
             Was a Follower of Ru.
             Slain by a fire elemental (9 damage)
             ... in a Gauntlet.
             The game lasted 00:15:18 (8377 turns).

bearlyready the Grappler (Troll Shapeshifter)       Turns: 8377, Time: 00:15:19

Health: -3/109     AC:  4    Str: 28    XL:     11   Next: 77%
Magic:  10/10      EV:  4    Int:  6    God:    Ru [*.....]
Gold:   520        SH:  0    Dex:  9    Spells: 10/10 levels left

rFire   . .          .
                       - Unarmed
rCold   . . .        (no shield)
rNeg    . . .        a - melded +0 animal skin
rPois   +            (helmet restricted)
rElec   .            (no cloak)
rCorr   .            (gloves unavailable)
SInv    .            (boots unavailable)
Will    .....        (no amulet)
Stlth   +            o - ring of poison resistance
HPRegen 1.18/turn    (no ring)
MPRegen 0.12/turn

%: no teleportation
@: maw-form
A: devouring maw, large, unfitting armour, claws 3, regeneration 1, shaggy fur
1, tough skin 1, reduced EV 1, iridescent scales 1, MP-powered wands
a: Begin Untransformation, Renounce Religion


You were in a Gauntlet.
You worshipped Ru.
Ru was aware of your devotion.
You were a creature with a mouth for a stomach.
You visited 1 branch of the dungeon, and saw 11 of its levels.
You also visited: Ossuary and Gauntlet.

You collected 520 gold pieces.

Inventory:

Missiles
 i - 3 boomerangs
 j - 65 stones
 m - 16 poisoned darts (quivered)
 v - 3 throwing nets
Armour
 a - a +0 animal skin (melded)
 k - a scarf of harm
 y - a +1 hat
Jewellery
 o - a ring of poison resistance (left claw)
 r - a ring of magical power
Talismans
 c - a beast talisman
 d - a flux talisman
 u - a maw talisman (active)
 C - a maw talisman (active)
 F - a serpent talisman
Wands
 h - a wand of polymorph (2)
Scrolls
 f - 2 scrolls of enchant armour
 g - 7 scrolls of teleportation
 l - 2 scrolls of amnesia
 p - a scroll of brand weapon
 q - a scroll of revelation
 D - 2 scrolls of vulnerability
Potions
 b - 2 potions of ambrosia
 e - 3 potions of mutation
 n - 3 potions of enlightenment
 s - 2 potions of brilliance
 w - 5 potions of curing
 x - a potion of attraction
 z - a potion of heal wounds
 A - 2 potions of berserk rage {unknown}
 B - 2 potions of cancellation {unknown}
 E - a potion of resistance {unknown}


   Skills:
 - Level 7.5 Fighting
 - Level 2.0 Throwing
 - Level 1.5 Dodging
 + Level 12.2 Unarmed Combat
 + Level 11.3 Shapeshifting


You had 10 spell levels left.
You didn't know any spells.
Your spell library contained the following spells:

 Spells                   Type           Power      Damage    Failure   Level
 Apportation              Tloc           0%         N/A       45%         1
 Necrotise                Necr           0%         1d4       45%         1
 Sting                    Conj/Alch      0%         1d3       45%         1
 Summon Small Mammal      Summ           0%         N/A       45%         1
 Ensorcelled Hibernation  Hex/Ice        0%         N/A       58%         2
 Mercury Vapours          Alch/Air       0%         N/A       58%         2
 Call Canine Familiar     Summ           0%         N/A       83%         3
 Mephitic Cloud           Conj/Alch/Air  0%         N/A       83%         3
 Passwall                 Erth           0%         N/A       83%         3
 Sigil of Binding         Hex            0%         N/A       83%         3
 Swiftness                Air            0%         N/A       83%         3
 Dimensional Bullseye     Hex/Tloc       0%         N/A       99%         4
 Freezing Cloud           Conj/Ice/Air   0%         6-21      100%        5


Dungeon Overview and Level Annotations

Branches:
Dungeon (11/15)            Temple (0/1) D:6            Lair (0/5) D:11
    Orc (0/2) D:11        Ossuary (visited)         Gauntlet (1/1)

Altars:
Ashenzari
Cheibriados
Dithmenos
Elyvilon
Kikubaaqudgha
Makhleb
Okawaru
Qazlal
Ru
Sif Muna
Trog
Vehumet
Xom

Shops:
D:1 (   D:6 *

Annotations:
D:7 3 runed translucent doors, Swimmer's ghost, novice KoHu Gauntlet 6 transporters, 21 runed translucent doors


Innate Abilities, Weirdness & Mutations

You are a creature with a mouth for a stomach.
Your midsection houses a second, enormous mouth.
You are too large for most types of armour.
You have claws for hands.
Your natural rate of healing is unusually fast.
You are covered in fur. (AC +1)
You have tough skin. (AC +1)
You have somewhat slow reflexes. (EV -5)
You are partially covered in iridescent scales. (AC +2)
You expend magic power (3 MP) to strengthen your wands.


Message History

You turn into a creature with a mouth for a stomach.
Your +0 animal skin melds into your body.
You swing at nothing.
You swing at nothing.
There is a transporter here.
You enter the transporter and appear at another place.
The efreet gestures at you.
The bolt of fire hits the fire elemental.
The fire elemental completely resists.
The bolt of fire hits you!!
Okay, then.
Okay, then.
You are too injured to fight recklessly!
The hell hound bites you.
The fire elemental enters a dispersal trap!
The hell hound blinks!
The efreet blinks!
The hell hound blinks!
You blink.
The fire elemental blinks!
The hell hound breathes flames at you. The blast of flame hits you!
You scratch the fire elemental.
The fire elemental is lightly damaged.
The fire elemental hits you. The fire elemental burns you!
You scratch the hell hound but do no damage.
Your bite misses the hell hound. The fire elemental hits you.
The fire elemental burns you!
* * * LOW HITPOINT WARNING * * *
The hell hound bites you.
* * * LOW HITPOINT WARNING * * *
You feel much better. The hell hound bites you!
The fire elemental barely misses you.
The fire elemental is stunned by your conviction and fails to attack.
The hell hound breathes flames at you.
The blast of flame hits the fire elemental.
The fire elemental completely resists.
The blast of flame hits you!
* * * LOW HITPOINT WARNING * * *
The fire elemental hits you. The fire elemental burns you!
* * * LOW HITPOINT WARNING * * *
The hell hound bites you.
* * * LOW HITPOINT WARNING * * *
The fire elemental hits you. The fire elemental burns you!
You die...

#.........#...#......Ehh#..#.....
#..##.##..#...#°.##^##..#..#.8.##
#.##...##.#####.#..#..#.#..#...#
#.#.....#)#...#§#^.#..#!#..#.8..
#....©...©#©.©#h°### #E○
#.#.....#.#...#.#E©#.E#[
#.##...##.#####☼#§.#☼.#:
#.†##.##..#...#EE##^##..
#.°.[.....#.8.#.Wh......
###########...##########
.........................
.........................
######################### #8# #8#
#8# #8# #8# 8# ### ### ### ### ##


You could see 3 fire elementals and 2 hell hounds.

Vanquished Creatures
  Gastronok (D:11)
  A centaur warrior (D:8)
  A tengu warrior (Gauntlet)
  3 two-headed ogres
  A manticore (D:7)
  A moth of wrath (Gauntlet)
  A komodo dragon (D:11)
  2 tengu conjurers (Gauntlet)
  3 vampires
  A wraith (D:7)
  7 yaks
  3 wyverns
  A steam dragon (D:9)
  Menkaure (D:4)
  4 ice beasts
  A sky beast (D:8)
  3 black bears (D:8)
  5 orc warriors
  An ogre (D:4)
  A centaur (D:9)
  4 wolves (Gauntlet)
  3 phantoms
  3 kobold brigands (D:9)
  3 elf zombies (D:7)
  7 bullfrogs
  2 gnoll sergeants
  6 scorpions
  An elf skeleton (D:7)
  11 killer bees
  3 howler monkeys
  3 bombardier beetles
  3 jellies
  5 hounds
  14 orc priests
  4 gnoll boudas
  3 sleepcaps
  2 iguanas
  Natasha (thrice) (D:2)
  Terence (D:2)
  A human skeleton (D:7)
  8 orc wizards
  4 scorpion zombies (Ossuary)
  Robin (D:2)
  3 mummies (Ossuary)
  7 adders
  24 gnolls
  A white imp (D:6)
  3 ufetubi
  2 adder zombies (Ossuary)
  A dart slug (D:3)
  A ribbon worm (D:2)
  41 orcs
  6 endoplasms
  A giant cockroach (D:3)
  14 goblins
  10 hobgoblins
  2 jackals (D:1)
  8 kobolds
  2 quokkas
  8 ball pythons
  4 bats
  5 gnoll zombies (Ossuary)
  A jackal zombie (Ossuary)
  4 kobold zombies (Ossuary)
  An orc zombie (D:7)
  7 rats
293 creatures vanquished.

Vanquished Creatures (others)
  A human zombie (Ossuary)
1 creature vanquished.

Grand Total: 294 creatures vanquished

Notes
Turn   | Place    | Note
-------+----------+-------------------------------------------
     0 | D:1      | bearlyready the Troll Shapeshifter began the quest for the
                  | Orb.
     0 | D:1      | Reached XP level 1. HP: 18/18 MP: 0/0
   120 | D:1      | Found Poseboir's Weapon Emporium.
   202 | D:1      | Reached XP level 2. HP: 24/26 MP: 1/1
   634 | D:2      | Noticed Terence
   639 | D:2      | Killed Terence
   640 | D:2      | Reached XP level 3. HP: 13/32 MP: 2/2
   733 | D:2      | Found an iron altar of Okawaru.
   736 | D:2      | Noticed Robin
   758 | D:2      | Killed Robin
   759 | D:2      | Reached skill level 1 in Fighting
   759 | D:2      | Reached skill level 4 in Unarmed Combat
   759 | D:2      | Reached XP level 4. HP: 33/41 MP: 3/3
   774 | D:2      | Noticed Natasha
   781 | D:2      | Killed Natasha
   795 | D:2      | Noticed Natasha
   810 | D:2      | Killed Natasha
  1072 | D:2      | Reached XP level 5. HP: 44/48 MP: 4/4
  1354 | D:2      | Noticed Natasha
  1357 | D:2      | Killed Natasha
  1562 | D:3      | Gained mutation: You are partially covered in iridescent
                  | scales. (AC +2) [potion of mutation]
  1562 | D:3      | Gained mutation: You expend magic power (3 MP) to
                  | strengthen your wands. [potion of mutation]
  1567 | D:3      | Reached XP level 6. HP: 26/58 MP: 5/5
  1748 | D:3      | Found a white marble altar of Elyvilon.
  1766 | D:3      | Reached skill level 5 in Unarmed Combat
  1833 | D:3      | Found a shimmering altar of Xom.
  1834 | D:3      | Found a sacrificial altar of Ru.
  1930 | D:4      | Reached skill level 1 in Throwing
  2110 | D:4      | Reached XP level 7. HP: 66/66 MP: 6/6
  2117 | D:4      | Reached skill level 5 in Shapeshifting
  2474 | D:4      | Found a shimmering blue altar of Sif Muna.
  2495 | D:4      | Found an ancient bone altar of Kikubaaqudgha.
  2518 | D:4      | Found a radiant altar of Vehumet.
  2685 | D:4      | Noticed Menkaure
  2691 | D:4      | Killed Menkaure
  3008 | D:3      | Became a worshipper of Ru the Awakened
  3134 | D:5      | Entered Level 5 of the Dungeon
  3412 | D:5      | Reached skill level 6 in Unarmed Combat
  3428 | D:5      | Identified the +10 dagger "Beev" {speed, Int+3}
  3505 | D:5      | Reached XP level 8. HP: 71/78 MP: 7/7
  3694 | D:5      | Found a burning altar of Makhleb.
  3832 | D:6      | Found Juasemy's Overcharged Wands.
  4058 | D:6      | Reached skill level 7 in Unarmed Combat
  4067 | D:6      | Reached skill level 5 in Fighting
  4200 | D:6      | Found a shadowy altar of Dithmenos.
  4244 | D:6      | Found a staircase to the Ecumenical Temple.
  4247 | D:6      | Gained mutation: You have somewhat slow reflexes. (EV -5)
                  | [Ru sacrifice]
  4247 | D:6      | Reached * piety under Ru
  4446 | D:6      | Reached XP level 9. HP: 72/88 MP: 8/8
  4644 | D:7      | Noticed a spectral unseen horror
  4693 | D:7      | Reached skill level 8 in Unarmed Combat
  4804 | D:7      | Found a sand-covered staircase.
  4810 | Ossuary  | Entered an ossuary
  5077 | D:7      | Found a broken altar of Ashenzari.
  5077 | D:7      | Found a snail-covered altar of Cheibriados.
  5107 | D:7      | Noticed a manticore
  5123 | D:7      | Killed a manticore
  5124 | D:7      | Reached XP level 10. HP: 37/100 MP: 9/9
  5245 | D:7      | Found a runed translucent gate.
  5245 | D:7      | Found a runed translucent gate.
  5245 | D:7      | Found a runed translucent gate.
  5246 | D:7      | Noticed Swimmer's ghost (novice KoHu)
  5545 | D:7      | Identified the +1 long sword "Worm" {flame, Fly Int+3
                  | Stlth+}
  5567 | D:7      | Found a bloodstained altar of Trog.
  5715 | D:8      | Reached skill level 9 in Unarmed Combat
  5858 | D:8      | Identified the +1 ring mail of Daisies {rF+ Str+3 Int-2}
  6525 | D:8      | Noticed a catoblepas
  6525 | D:8      | Noticed a centaur warrior
  6530 | D:8      | Noticed a fire crab
  6533 | D:8      | a fire crab changed into an ice beast
  6622 | D:8      | Killed a centaur warrior
  6871 | D:9      | Reached skill level 10 in Unarmed Combat
  7212 | D:9      | Found a stormy altar of Qazlal.
  7331 | D:9      | Noticed a two-headed ogre
  7511 | D:9      | Reached XP level 11. HP: 101/109 MP: 10/10
  7549 | D:9      | Killed a two-headed ogre
  7550 | D:9      | Reached skill level 10 in Shapeshifting
  7557 | D:9      | HP: 4/109 [orc warrior/+0 dire flail (19)]
  7660 | D:10     | Entered Level 10 of the Dungeon
  7660 | D:10     | Noticed a two-headed ogre
  7660 | D:10     | Noticed a two-headed ogre
  7796 | D:10     | Reached skill level 11 in Unarmed Combat
  7799 | D:10     | Killed a two-headed ogre
  7859 | D:10     | Killed a two-headed ogre
  7898 | D:10     | You fall into a shaft and drop 1 floor!
  7933 | D:11     | Noticed Gastronok
  7973 | D:11     | Killed Gastronok
  7996 | D:11     | Found a staircase to the Orcish Mines.
  8013 | D:11     | Found a gate leading to a gauntlet.
  8060 | Gauntlet | Entered a Gauntlet
  8060 | Gauntlet | Found a transporter.
  8060 | Gauntlet | Found a transporter.
  8062 | Gauntlet | Found a transporter.
  8065 | Gauntlet | Found a transporter.
  8065 | Gauntlet | Found a transporter.
  8067 | Gauntlet | Found a large runed translucent door.
  8067 | Gauntlet | Found a transporter.
  8067 | Gauntlet | Noticed a tengu warrior
  8068 | Gauntlet | Found a large runed translucent door.
  8069 | Gauntlet | Found a large runed translucent door.
  8069 | Gauntlet | Found a large runed translucent door.
  8069 | Gauntlet | Found a runed translucent door.
  8069 | Gauntlet | Found a runed translucent door.
  8070 | Gauntlet | Found a large runed translucent door.
  8070 | Gauntlet | Found a large runed translucent door.
  8070 | Gauntlet | Found a large runed translucent door.
  8070 | Gauntlet | Found a large runed translucent door.
  8071 | Gauntlet | Found a large runed translucent door.
  8071 | Gauntlet | Found a large runed translucent door.
  8072 | Gauntlet | Found a large runed translucent door.
  8072 | Gauntlet | Found a large runed translucent door.
  8073 | Gauntlet | Found a runed translucent gate.
  8073 | Gauntlet | Found a runed translucent gate.
  8073 | Gauntlet | Found a runed translucent gate.
  8075 | Gauntlet | Found a transporter.
  8079 | Gauntlet | Found a transporter.
  8089 | Gauntlet | Found a transporter.
  8098 | Gauntlet | Found the +8 arc blade {discharge, rElec}
  8121 | Gauntlet | Found a large runed translucent door.
  8121 | Gauntlet | Found a large runed translucent door.
  8124 | Gauntlet | Found a large runed translucent door.
  8124 | Gauntlet | Found a large runed translucent door.
  8196 | Gauntlet | Found a transporter.
  8196 | Gauntlet | Found a transporter.
  8259 | Gauntlet | Reached skill level 12 in Unarmed Combat
  8302 | Gauntlet | Killed a tengu warrior
  8377 | Gauntlet | Slain by a fire elemental

Illustrated notes

Levels and vault maps discovered:
D:1:      matt_arrival_grand_opening, layout_rooms, serial_shops,
          nicolae_lakefront_shop
D:2:      layout_loops_ring, basic_altar, nicolae_elevator_lobby_plus,
          uniq_robin, uniq_natasha, uniq_terence
D:3:      layout_rooms, nicolae_elyvilon_peaceful_grove,
          nicolae_overflow_hidden_temple
D:4:      minmay_evil_eye, layout_basic, palyth_temple_overflow_mages,
          uniq_menkaure
D:5:      minmay_diamond_boxcup, layout_loops_ring, makhleb_heckhound_becter,
          chequers_serial_rivers_micro_b
D:6:      layout_basic, nicolae_dithmenos_shadow_blocks,
          minmay_temple_entry_large_hall, nicolae_shop_overcharged_wands
D:7:      layout_rooms, gammafunk_temple_overflow_statue, kennysheep_mini_moat,
          gammafunk_ghost_necromancy, nicolae_ossuary_entry_catacombs
D:8:      minmay_chambers_of_sevens, layout_cave_pools, minivault_25
D:9:      layout_long_grid, mainiacjoe_overflow_chevrons,
          hangedman_corner_corridor
D:10:     layout_rooms, nicolae_hepliaklqana_hippocampus, serial_shops,
          shop_fountains
D:11:     layout_basic, dpeg_oklobed_lair, orc_0_dummy, gauntlet_entry_generic,
          uniq_gastronok, uniq_lodul
Gauntlet: gammafunk_gauntlet_hard_choice [gammafunk_gauntlet_arena_split_x,
          nicolae_gauntlet_swirl, minmay_gauntlet_arena_make_your_own_arena,
          gammafunk_gauntlet_arena_split_diamond,
          gammafunk_gauntlet_arena_mazey, nicolae_gauntlet_arena_quarters,
          gauntlet_exit_green]

Skill      XL: |  1  2  3  4  5  6  7  8  9 10 11 |
---------------+----------------------------------+-----
Fighting       | 1 2 3 5 6 7 |  7.5
Unarmed Combat | 4 5 6 7 8 10 12 | 12.2
Shapeshifting  | 4 5 6 8 9 11 | 11.3
Throwing       | 1 2 |  2.0
Dodging        | |  1.5

Action                     |  1- 3 |  4- 6 |  7- 9 | 10-12 || total
---------------------------+-------+-------+-------+-------++-------
  Melee: Unarmed           |    62 |   133 |   313 |   268 ||   776
         Punch             |     1 |     5 |    17 |    24 ||    47
  Throw: Dart              |       |    12 |    16 |     3 ||    31
         Stone             |       |     4 |       |       ||     4
         Boomerang         |       |       |     4 |       ||     4
 Invoke: Sacrifice Health  |       |       |     1 |       ||     1
         Reject Sacrifices |       |       |       |     1 ||     1
  Evoke: Wand              |       |       |       |     8 ||     8
    Use: Potion            |       |     4 |     3 |     6 ||    13
         Scroll            |       |       |     6 |     9 ||    15
   Stab: Sleeping          |       |     2 |       |     1 ||     3
 Armour: Animal skin       |    46 |    78 |   247 |   301 ||   672
         Skin              |       |    17 |    57 |    15 ||    89
  Dodge: Dodged            |    23 |    58 |    94 |    39 ||   214
   Form: Serpent           |       |       |       |     1 ||     1
         Beast             |       |       |       |     1 ||     1
         Maw               |       |       |       |     1 ||     1
